 Dungeon Crawl Stone Soup version 0.28-a0-664-gc179e30c89 (webtiles) character file.

Game seed: 1719288285193694705

1 ytrimaz the Ducker (level 1, 15/18 HPs)
             Began as a Djinni Gladiator on Oct 15, 2021.
             Quit the game on level 1 of the Dungeon.
             The game lasted 00:00:49 (124 turns).

ytrimaz the Ducker (Djinni Gladiator)                Turns: 124, Time: 00:00:49

Health: 15/18      AC:  4    Str: 13    XL:     1   Next: 22%
Gold:   0          EV: 12    Int:  9    God:
                   SH:  0    Dex: 14

rFire   + + .      SeeInvis .     - Unarmed
rCold   x . .      Faith    .   (no shield)
rNeg    . . .      Spirit   .   a - +0 leather armour
rPois   ∞          Reflect  .   b - +0 helmet
rElec   .          Harm     .   (no cloak)
rCorr   .          Rampage  .   (no gloves)
Will    .....                   (boots unavailable)
Stlth   +.........              (no amulet)
HPRegen 0.06/turn               (no ring)
MPRegen 0.00/turn               (no ring)

@: flying
A: sickness immunity, fire resistance 2, cold vulnerability 1, float, innate
caster, hp casting, extra vitality 1
a: no special abilities


You were on level 1 of the Dungeon.
You visited 1 branch of the dungeon, and saw 1 of its levels.

Inventory:

Missiles
 c - 3 throwing nets (quivered)
Armour
 a - a +0 leather armour (worn)
 b - a +0 helmet (worn)


   Skills:
 + Level 2.0 Fighting
 - Level 1.5 Throwing
 - Level 3.2 Dodging
 + Level 3.0 Unarmed Combat


You couldn't memorise any spells.
You didn't know any spells.
Your spell library was empty.

Dungeon Overview and Level Annotations

Branches:
Dungeon (1/15)

Altars:


Innate Abilities, Weirdness & Mutations

You are immune to sickness and miasma.
You are immune to poison.
Your flesh is very heat resistant. (rF++)
You are vulnerable to cold. (rC-)
You float through the air rather than walking.
You learn spells naturally, not from books.
Your magical power is your life essence.
You have superior vitality. (+4 HP)


Message History

Something barely misses the tentacle.
Something claws the tentacle!
Something gores the tentacle.
The tentacle slaps something!
You hear a shout!
Found an escape hatch in the floor.
You hear a splash.
Found a whip.
You see here a +0 whip.
A ball python comes into view.
The ball python hisses angrily.
You barely miss the ball python. The ball python completely misses you.
The ball python barely misses you.
You hit the ball python but do no damage.
The ball python barely misses you. The ball python grabs you.
The ball python constricts you.
You barely miss the ball python. The ball python bites you.
The ball python constricts you.
You closely miss the ball python. The ball python barely misses you.
The ball python constricts you.
The ball python bites you but does no damage.
The ball python constricts you.
You hit the ball python but do no damage.
The ball python closely misses you. The ball python constricts you.
You barely miss the ball python. The ball python barely misses you.
The ball python constricts you.
You barely miss the ball python. The ball python closely misses you.
The ball python constricts you.
You hit the ball python.
You kill the ball python!
The felid hisses angrily.
You hear a shout!
The demonspawn shouts!
The dwarf shouts!
The naga shouts!
The elf shouts!
There is an open gate here.
Press: ? - help, v - describe, . - travel, g - get item Item here: a felid corpse.
The floor, spattered with blood.
Press: ? - help, v - describe, . - travel
Here: a felid (fire blocked by a translucent stone wall)
The floor, spattered with blood.
Search for what [? for help]?
Okay, then.
Are you sure you want to abandon this character and quit the game? (Confirm with "yes".)

#.######### ##.#........
....#########.#
#...#..††...#.##
#...#e≈≈≈≈≈.#...
.####...#N≈≈≈≈≈†#.#
........#h≈≈≈≈≈.#.#
.......@#ng6†...#.##
.#.##...#########...
#......'''.....#
#....###.#######
#.#..#.....# #.#..#..<..#
#
#.######.#..#.....#####.#
............#######......
.........................


You could see a ghoul, a demonspawn, an elf, a dwarf, a naga and a felid.

Vanquished Creatures
  A ball python (D:1)
1 creature vanquished.

Vanquished Creatures (others)
  A kraken (D:1)
  A demonspawn (D:1)
  2 vine stalkers (D:1)
  An elf (D:1)
  An ogre (D:1)
  2 felids (D:1)
  A mummy (D:1)
  A kobold (D:1)
  6 tentacles (D:1)
16 creatures vanquished.

Grand Total: 17 creatures vanquished

Notes
Turn   | Place    | Note
-------+----------+-------------------------------------------
     0 | D:1      | ytrimaz the Djinni Gladiator began the quest for the Orb.
     0 | D:1      | Reached XP level 1. HP: 18/18 MP: 0/0
     2 | D:1      | Noticed a demonspawn
     2 | D:1      | Noticed a demonspawn
     2 | D:1      | Noticed an ogre
     2 | D:1      | Noticed a vine stalker
     2 | D:1      | Noticed a felid
     2 | D:1      | Noticed a felid
     2 | D:1      | Noticed a dwarf
     2 | D:1      | Noticed a naga
     2 | D:1      | Noticed a kraken
     2 | D:1      | Noticed a ghoul
     2 | D:1      | Noticed a vine stalker
     2 | D:1      | Noticed an elf
     2 | D:1      | Noticed a felid
     2 | D:1      | Noticed an elf
     6 | D:1      | Killed a vine stalker
     8 | D:1      | Killed a demonspawn
     8 | D:1      | Killed an ogre
    10 | D:1      | Killed a felid
    11 | D:1      | Killed an elf
    14 | D:1      | Killed a vine stalker
    15 | D:1      | Killed a felid
    16 | D:1      | Killed a kraken
   124 | D:1      | Quit the game

Illustrated notes

Levels and vault maps discovered:
D:1:      nicolae_arrival_kraken_aquarium_b, layout_basic,
          chequers_serial_rivers_large_a, grunt_decor_resistance

Action                   || total
-------------------------++-------
Melee: Unarmed           ||     8
Armor: Leather armour    ||     1
Dodge: Dodged            ||     7

Table legend: (Time is in decaauts)
 A = Elapsed time spent in this place.
 B = Non-inter-level travel time spent in this place.
 C = Inter-level travel time spent in this place.
 D = Time resting spent in this place.
 E = Time spent auto-exploring this place.
 F = Levels seen in this place.
 G = Mean time per level.
                   A        B        C        D        E       F      G
               +--------+--------+--------+--------+--------+-----+--------+
         Total |    123 |    123 |      0 |      0 |     56 |   1 |  123.0 |
       Dungeon |    123 |    123 |      0 |      0 |     56 |   1 |  123.0 |
               +--------+--------+--------+--------+--------+-----+--------+

Top non-repeatable levels by time:
     D:1: 123 daAuts
